 Dungeon Crawl Stone Soup version 0.17-a0-1793-gcbb3aa1 (webtiles) character file.

76 luca467 the Insei (level 4, -9/35 HPs)
             Began as a Demonspawn Monk on Sept 9, 2015.
             Mangled by Grinder (10 damage)
             ... while paralysed by Grinder
             ... on level 3 of the Dungeon.
             The game lasted 00:08:54 (2289 turns).

luca467 the Insei (Demonspawn Monk)                 Turns: 2289, Time: 00:08:54

Health: -9/35      AC:  3    Str: 11    XL:     4   Next: 12%
Magic:  0/4        EV:  2    Int: 11    God:
Gold:   103        SH:  0    Dex: 19    Spells: 0 memorised, 3 levels left

rFire  . . .     SeeInvis .       - Unarmed
rCold  . . .     Clarity  .     a - +0 robe
rNeg   . . .     SustAt   .     (no shield)
rPois  .         Gourm    .     (no helmet)
rElec  .         Spirit   +     (no cloak)
rCorr  .         Warding  .     d - +0 pair of gloves
rMut   .         Stasis   .     (no boots)
MR     .....                    (no amulet)
Stlth  ++........               (no ring)
                                i - +2 ring of dexterity

@: paralysed, not resistant to hostile enchantments, unstealthy
A: magic shield, magic regeneration
a: no special abilities


You were on level 3 of the Dungeon.
You were not hungry.

You visited 1 branch of the dungeon, and saw 3 of its levels.

You collected 103 gold pieces.

Inventory:

Armour
 a - a +0 robe (worn)
 d - a +0 pair of gloves (worn)
Jewellery
 c - a cursed ring of loudness
 i - a +2 ring of dexterity (left hand)
 p - a +2 ring of intelligence {unknown}
 q - an uncursed ring of flight {unknown}
Scrolls
 e - a scroll of enchant armour {unknown}
 g - 4 scrolls of noise {unknown}
 k - a scroll of amnesia {unknown}
 s - a scroll of blinking {unknown}
Potions
 h - 2 potions of lignification {unknown}
 l - a potion of ambrosia {unknown}
 m - a potion of heal wounds {unknown}
Comestibles
 b - 2 bread rations
 f - 2 meat rations
 j - 2 royal jellies
 n - 3 fruits
 o - a slice of pizza
 r - a chunk of flesh


   Skills:
 + Level 3.4 Fighting
 + Level 3.1 Dodging
 + Level 2.5 Stealth
 * Level 4.2 Unarmed Combat


You had 3 spell levels left.
You didn't know any spells.

Dungeon Overview and Level Annotations

Branches:
Dungeon (3/15)

Altars:
Fedhas
Yredelemnul
The Shining One

Annotations:
D:3 Grinder


Innate Abilities, Weirdness & Mutations

When hurt, damage is shared between your health and your magic reserves.
You regenerate magic rapidly.


Message History

You hit Grinder.
Grinder is moderately wounded.
Grinder gestures.
Grinder blinks!
The giant gecko misses you.
You see here a coppery potion.
Grinder gestures at you.
You suddenly lose the ability to move!
The giant gecko bites you but does no damage.
The giant gecko bites you. Grinder hits you!
* * * LOW HITPOINT WARNING * * *
You writhe in agony.
* * * LOW HITPOINT WARNING * * *
The giant gecko bites you.
* * * LOW HITPOINT WARNING * * *
Grinder gestures at you. Pain shoots through your body!
* * * LOW HITPOINT WARNING * * *
The giant gecko bites you but does no damage.
Grinder hits you!
You die...

#.....# #.....
#####.....# ###.....
#.........###.#.....
#.#####'#.....#.....
#.#####.#.###.#.....
#...<##.#.# #.#)....
##.....#.#.###.#.....
#......'.#..>....†...
#..5@..###.....#.....
#...l..###.....#.....
#.##............<....
# #...........#.....
#........####.....
#.$......# #....≈
#........# #...≈§
#........# #...≈#
#........# #...≈#


You could see Grinder and a giant gecko.

Vanquished Creatures
  3 adders
  An ooze (D:1)
  An orc (D:3)
  4 bats (D:1)
  2 giant cockroaches (D:2)
  5 goblins (D:2)
  10 hobgoblins
  2 ball pythons (D:2)
  A giant gecko (D:2)
  2 giant newts (D:1)
  4 kobolds
  9 rats
44 creatures vanquished.

Notes
Turn   | Place    | Note
--------------------------------------------------------------
     0 | D:1      | luca467 the Demonspawn Monk began the quest for the Orb.
     0 | D:1      | Reached XP level 1. HP: 18/18 MP: 1/1
   357 | D:1      | Gained mutation: When hurt, damage is shared between your health and your magic reserves. [demonic ancestry]
   357 | D:1      | Reached XP level 2. HP: 21/24 MP: 2/2
   751 | D:1      | Reached skill level 4 in Unarmed Combat
  1056 | D:2      | Gained mutation: You regenerate magic rapidly. [demonic ancestry]
  1056 | D:2      | Reached XP level 3. HP: 27/29 MP: 3/3
  1382 | D:2      | Found a glowing golden altar of the Shining One.
  1382 | D:2      | Found a blossoming altar of Fedhas.
  2005 | D:2      | Found a basalt altar of Yredelemnul.
  2161 | D:3      | Reached XP level 4. HP: 26/35 MP: 2/4
  2270 | D:3      | Noticed Grinder
  2285 | D:3      | Paralysed by Grinder for 5 turns
  2288 | D:3      | HP: 1/35 [Grinder/nerve-wracking pain (2)]
  2289 | D:3      | Mangled by Grinder

Vault maps used:
D:1:      dpeg_arrival_concentric_ovals, serial_forest,
          infiniplex_forest_clump_tiny, infiniplex_forest_clump_medium,
          infiniplex_forest_straight_1, infiniplex_forest_straight_5,
          infiniplex_forest_split, infiniplex_forest_end_double,
          infiniplex_forest_zigzag_1
D:2:      gammafunk_temple_overflow_wave, nicolae_overflow_crystal_walls
D:3:      nicolae_qazlal_general_emergency, elyvilon_altar_3, first_bread,
          uniq_grinder, uniq_sigmund

Action                   |  1- 3 |  4- 6 || total
-------------------------+-------+-------++-------
Melee: Unarmed           |   158 |    20 ||   178
  Use: Scroll            |     3 |       ||     3
 Stab: Sleeping          |     8 |     1 ||     9
       Distracted        |     1 |       ||     1
  Eat: Chunk             |     4 |       ||     4
